 Dungeon Crawl Stone Soup version 0.21.1-1-g345015fe64 (console) character file.

28 Muffindrake the Sneak (level 3, -1/31 HPs)
             Began as a Gnoll Assassin on Feb 10, 2018.
             Slain by Dommiel19's ghost (2 damage)
             ... on level 3 of the Dungeon.
             The game lasted 00:10:32 (1240 turns).

Muffindrake the Sneak (Gnoll Assassin)              Turns: 1240, Time: 00:10:33

Health: -1/31      AC:  3    Str: 12 (13) XL:     3   Next: 12%
Magic:  3/3        EV: 13    Int: 10 (13) God:
Gold:   66         SH:  0    Dex: 14 (17) Spells: 3/3 levels left

rFire    . . .     SeeInvis .   a - +2 dagger
rCold    . . .     Gourm    .   (no shield)
rNeg     . . .     Faith    .   c - +0 robe
rPois    .         Spirit   .   (no helmet)
rElec    .         Reflect  .   d - +0 cloak
rCorr    .         Harm     .   (no gloves)
MR       .....                  (no boots)
Stlth    ++++......             (no amulet)
HPRegen  0.10/turn              (no ring)
MPRegen  0.08/turn              (no ring)

@: no status effects
A: distributed training, fangs 1, strong nose
a: no special abilities


You were on level 3 of the Dungeon.
You were not hungry.

You visited 1 branch of the dungeon, and saw 3 of its levels.

You collected 66 gold pieces.

Inventory:

Hand Weapons
 a - a +2 dagger (weapon)
 b - a +0 blowgun
Missiles
 e - 6 poisoned needles
 f - 2 curare-tipped needles
Armour
 c - a +0 robe (worn)
 d - a +0 cloak (worn)
Scrolls
 i - 2 scrolls of identify


   Skills:
 + Level 4.5 Fighting
 + Level 4.5 Short Blades
 + Level 0.6 Long Blades
 + Level 0.6 Axes
 + Level 0.6 Maces & Flails
 + Level 0.6 Polearms
 + Level 0.6 Staves
 + Level 0.6 Slings
 + Level 0.6 Bows
 + Level 0.6 Crossbows
 + Level 4.5 Throwing
 + Level 0.6 Armour
 + Level 2.5 Dodging
 + Level 7.7 Stealth
 + Level 0.6 Shields
 + Level 0.6 Unarmed Combat
 + Level 0.6 Spellcasting
 + Level 0.4 Conjurations
 + Level 0.4 Hexes
 + Level 0.4 Charms
 + Level 0.4 Summonings
 + Level 0.4 Necromancy
 + Level 0.4 Translocations
 + Level 0.4 Transmutations
 + Level 0.4 Fire Magic
 + Level 0.4 Ice Magic
 + Level 0.4 Air Magic
 + Level 0.4 Earth Magic
 + Level 0.4 Poison Magic
 + Level 0.8 Invocations
 + Level 0.6 Evocations


You had 3 spell levels left.
You didn't know any spells.

Dungeon Overview and Level Annotations

Branches:
Dungeon (3/15)

Altars:
Dithmenos
Hepliaklqana
Makhleb
Qazlal
Sif Muna
Trog
Uskayaw
Wu Jian
Yredelemnul

Annotations:
D:3 Dommiel19's ghost, weakling KoHu


Innate Abilities, Weirdness & Mutations

Your experience applies equally to all skills.
You have very sharp teeth.
Your uncanny sense of smell can sniff out nearby items.


Message History

Dommiel19's ghost hits you.
* * * LOW HITPOINT WARNING * * *
You closely miss Dommiel19's ghost.
Dommiel19's ghost is severely damaged.
Dommiel19's ghost barely misses you.
You hit Dommiel19's ghost but do no damage.
Your bite misses Dommiel19's ghost.
Dommiel19's ghost is severely damaged.
You hit Dommiel19's ghost but do no damage.
Dommiel19's ghost is severely damaged.
Dommiel19's ghost hits you!
* * * LOW HITPOINT WARNING * * *
You hit Dommiel19's ghost but do no damage.
You bite Dommiel19's ghost, but do no damage.
Dommiel19's ghost is severely damaged.
Dommiel19's ghost misses you.
You hit Dommiel19's ghost but do no damage.
Dommiel19's ghost is severely damaged.
Dommiel19's ghost hits you.
You die...

####. .... #..
#..###### %.
#.......####
.#..#..........#
....#.#.###.##.#
..........)..#.#
.##.#.#...#..#.#
##.#.#.#.#..#.#
∆
+....W@....<#.#
##...#.#.##.#.#
#.†.#......#.#
#.....#.####.#
###8).8##....#
#....._######
###..###
#_...._#
###..###
#⌠....⌠#
###..###


You could see Dommiel19's ghost.

Vanquished Creatures
  An ooze (D:1)
  4 leopard geckos
  2 bats
  2 giant cockroaches (D:1)
  3 goblins
  2 hobgoblins
  2 kobolds
  A rat (D:2)
17 creatures vanquished.

Notes
Turn   | Place    | Note
-------+----------+-------------------------------------------
     0 | D:1      | Muffindrake the Gnoll Assassin began the quest for the Orb.
     0 | D:1      | Reached XP level 1. HP: 20/20 MP: 1/1
   258 | D:1      | Reached XP level 2. HP: 26/26 MP: 2/2
  1007 | D:2      | Reached XP level 3. HP: 28/31 MP: 3/3
  1096 | D:3      | Found a deep blue altar of Sif Muna.
  1100 | D:3      | Found a stormy altar of Qazlal.
  1112 | D:3      | Found a burning altar of Makhleb.
  1113 | D:3      | Found a bloodstained altar of Trog.
  1113 | D:3      | Found a hide-covered altar of Uskayaw.
  1116 | D:3      | Found an ornate altar of the Wu Jian Council.
  1117 | D:3      | Found a basalt altar of Yredelemnul.
  1118 | D:3      | Found a shadowy altar of Dithmenos.
  1119 | D:3      | Found a hazy altar of Hepliaklqana.
  1186 | D:3      | Noticed Dommiel19's ghost (weakling KoHu)
  1238 | D:3      | HP: 1/31 [Dommiel19's ghost (7)]
  1240 | D:3      | Slain by Dommiel19's ghost

Action                   || total
-------------------------++-------
Melee: Dagger            ||    94
       Bite              ||     5
 Fire: Blowgun           ||    12
  Use: Scroll            ||     7
       Potion            ||     2
 Stab: Sleeping          ||     4
  Eat: Ration            ||     1
Armor: Robe              ||    12
Dodge: Dodged            ||    49
